 Dungeon Crawl Stone Soup version 0.32-a0-407-g4da7c8d6d1 (webtiles) character file.

Game seed: 13602964786396238786

1132 kae the Cutter (level 8, -2/41 HPs)
             Began as a Kobold Enchanter on Feb 20, 2024.
             Slain by a black bear (3 damage)
             ... on level 5 of the Dungeon.
             The game lasted 00:03:58 (4778 turns).

kae the Cutter (Kobold Enchanter)                   Turns: 4778, Time: 00:03:59

Health: -2/41      AC:  4    Str:  5    XL:     8   Next: 62%
Magic:  12/14      EV: 17    Int: 16    God:
Gold:   206        SH:  0    Dex: 18    Spells: 4/15 levels left

rFire   . . .        a - +2 dagger
rCold   . . .        (no shield)
rNeg    . . .        b - +0 robe
rPois   .            h - +0 helmet
rElec   .            (no cloak)
rCorr   .            (no gloves)
SInv    .            k - +0 pair of boots
Will    .....        A - amulet of the acrobat
Stlth   ++++         (no ring)
HPRegen 0.26/turn    (no ring)
MPRegen 0.14/turn

%: acrobat
@: no status effects
A: small, no large weapons, nightstalker 3
a: no special abilities


You were on level 5 of the Dungeon.
You visited 1 branch of the dungeon, and saw 5 of its levels.

You collected 206 gold pieces.


Innate Abilities, Weirdness & Mutations

You are small and have problems with some larger weapons.
You are completely attuned to the shadows.


   Skills:
 * Level 6.6 Short Blades
 + Level 4.9 Dodging
 + Level 6.4 Stealth
 + Level 4.0 Spellcasting
 * Level 5.7 Hexes
 - Level 2.0 Ice Magic


You had 4 spell levels left.
You knew the following spells:

 Your Spells              Type           Power      Damage    Failure   Level
a - Ensorcelled Hibernat  Hex/Ice        30%        N/A       5%          2
b - Confusing Touch       Hex            21%        N/A       4%          3
c - Tukima's Dance        Hex            21%        N/A       4%          3
d - Dazzling Flash        Conj/Hex       24%        N/A       16%         3

Your spell library contained the following spells:

 Spells                   Type           Power      Damage    Failure   Level
 Jinxbite                 Hex            42%        N/A       2%          2
 Apportation              Tloc           6%         N/A       17%         1
 Kiss of Death            Conj/Necr      12%        2d6       17%         1
 Magic Dart               Conj           12%        1d3       17%         1
 Shock                    Conj/Air       12%        1d3       17%         1
 Blink                    Tloc           6%         N/A       26%         2
 Call Imp                 Summ           6%         N/A       26%         2
 Swiftness                Air            3%         N/A       45%         3
 Airstrike                Air            1%         2d(1-17)  86%         4
 Dispel Undead            Necr           3%         3d7       86%         4
 Alistair's Intoxication  Alch           2%         N/A       99%         5

Inventory:

Hand Weapons
 a - a +2 dagger (weapon)
Missiles
 g - 40 stones (quivered)
 l - 3 boomerangs
 p - 18 poisoned darts
 u - a throwing net {=f!f}
Armour
 b - a +0 robe (worn)
 h - a +0 helmet (worn)
   (You found it on level 3 of the Dungeon)
 k - a +0 pair of boots (worn)
   (You found it on level 1 of the Dungeon)
Jewellery
 A - an amulet of the acrobat (around neck)
   (You found it on level 1 of the Dungeon)
Scrolls
 n - a scroll of fear
Potions
 c - 2 potions of invisibility
 d - a potion of ambrosia
 e - a potion of heal wounds {@q2}
 f - 5 potions of curing {unknown}
 i - 3 potions of attraction {unknown}
 j - 3 potions of mutation {!q}
 m - 2 potions of brilliance
 o - 3 potions of enlightenment {unknown}
 q - a potion of might {unknown}
 w - 2 potions of cancellation {unknown}

Dungeon Overview and Level Annotations

Branches:
Dungeon (5/15) Zot: 25300
 Temple: D:4-7

Altars:
Ashenzari
Cheibriados
Okawaru
Vehumet
Zin

Shops:
D:2

: #############
########...........#
#........#########.#
....###..# #.#
#......# #.#
#..##.## #.. #@.##.#
#.. #..h....# #..
#.......## ##.
#.#...#.# #.
#.<#.##.# ####.
#.... #.##. #.##.
#########.##.


You could see a black bear (berserk).


Message History

You lost 2 mp, and now have 12/14 mp.
Casting: Ensorcelled Hibernation (safe; 5% risk of failure)
Confirm with . or Enter, or press ? or * to list all spells.
You can't see any susceptible monsters within range! (Use Z to cast anyway.)
You feel sick.
Unknown command.
You feel sick.
You are no longer poisoned.
You now have 206 gold pieces (gained 10).
Items here: ))) [ ††.
A black bear comes into view. 😎 HP[+10] MP[+2]
Your hp is fully restored (41).
Your mp is fully restored (14).
Unknown command.
A black bear is nearby!
Unknown command.
A black bear is nearby!
Found an escape hatch in the ceiling.
The black bear growls angrily.
You hit the black bear.
The black bear bites you but does no damage.
The black bear closely misses you. x2
You barely miss the black bear. The black bear misses you.
The black bear claws you. x2 😕 HP[-4]
You take 4 damage, and now have 37/41 hp.
A black bear is nearby!
You hit the black bear. You hit the black bear.
The black bear closely misses you. The black bear misses you.
The black bear claws you but does no damage.
A black bear is nearby!
You hit the black bear.
The black bear bites you but does no damage.
The black bear misses you. x2
You hit the black bear.
A black bear is nearby!
You closely miss the black bear. The black bear bites you.
The black bear completely misses you.
The black bear claws you but does no damage.
You hit the black bear. The black bear closely misses you.
The black bear barely misses you.
The black bear claws you but does no damage. 😕 HP[-4]
You take 4 damage, and now have 33/41 hp.
A black bear is nearby!
You hit the black bear. You hit the black bear. The black bear bites you!
The black bear closely misses you. x2 😮 HP[-8]
You take 8 damage, and now have 25/41 hp.
A black bear is nearby!
You are too injured to fight recklessly!
You are too injured to fight recklessly!
A black bear is nearby!
You are too injured to fight recklessly!
You are too injured to fight recklessly!
A black bear is nearby!
You are too injured to fight recklessly!
You are too injured to fight recklessly!
Casting: Ensorcelled Hibernation (safe; 5% risk of failure)
Confirm with . or Enter, or press ? or * to list all spells.
Aiming: Ensorcelled Hibernation (safe; 5% risk of failure)
Press: ? - help, Shift-Dir - straight line, f - black bear
Aim: a black bear (severely wounded, chance to affect: 49%)
The black bear resists with some effort.
The black bear goes berserk! 😮 MP[-2]
You lost 2 mp, and now have 12/14 mp.
You hit the black bear. The black bear misses you.
The black bear barely misses you. The black bear misses you. 😮 HP[+1]
You hit the black bear. The black bear barely misses you.
The black bear completely misses you.
The black bear claws you but does no damage.
You barely miss the black bear. The black bear misses you.
The black bear claws you. x2 😮 HP[-5]
You take 5 damage, and now have 21/41 hp.
Unknown command.
You hit the black bear. The black bear barely misses you.
The black bear misses you. The black bear claws you.
* * * LOW HITPOINT WARNING * * *
😨 HP[-3]
You take 3 damage, and now have 18/41 hp.
You hit the black bear. The black bear bites you!
* * * LOW HITPOINT WARNING * * *
The black bear closely misses you.
The black bear barely misses you. 😱 HP[-12]
You take 12 damage, and now have 6/41 hp.
MASSIVE DAMAGE!! (PAUSE)
Casting: Ensorcelled Hibernation (safe; 5% risk of failure)
Confirm with . or Enter, or press ? or * to list all spells.
You can't see any susceptible monsters within range! (Use Z to cast anyway.) Unknown command.
You hit the black bear. The black bear barely misses you.
The black bear claws you.
* * * LOW HITPOINT WARNING * * *
The black bear claws you.
You die...

Skill      XL: |  1  2  3  4  5  6  7  8 |
---------------+-------------------------+-----
Short Blades   | 2 3 4 6 |  6.6
Dodging        | 3 4 |  4.9
Ice Magic      | 1 2 |  2.0
Hexes          | 4 5 |  5.7
Stealth        | 5 6 |  6.4
Spellcasting   | 3 4 |  4.0

Action                     |  1- 3 |  4- 6 |  7- 9 || total
---------------------------+-------+-------+-------++-------
  Melee: Dagger            |    73 |   165 |   180 ||   418
   Cast: Ensorcelled Hiber |     4 |    21 |    20 ||    45
         Confusing Touch   |       |       |     1 ||     1
    Use: Scroll            |     2 |     7 |     4 ||    13
   Stab: Sleeping          |     9 |    23 |    19 ||    51
 Armour: Robe              |    23 |    55 |    80 ||   158
  Dodge: Dodged            |    50 |   106 |   105 ||   261

Levels and vault maps discovered:
D:1:      kennysheep_arrival_seaside, layout_loops_ring,
          chequers_serial_rivers_marsh
D:2:      layout_rooms, dilly_ecumenical_altar_fadedgnrine,
          nicolae_shop_vocational
D:3:      layout_basic, cheibrodos_ashenzari_chains, okawaru_ov_weapons_minmay,
          minmay_cut_off, uniq_natasha
D:4:      layout_basic, lemuel_round_altar,
          chequers_temple_overflow_statue_of_worship, uniq_edmund, uniq_robin,
          uniq_pikel
D:5:      layout_loops_cross, minmay_temple_entry_glass, st_stairs_5,
          uniq_grinder

Notes
Turn   | Place    | Note
-------+----------+-------------------------------------------
     0 | D:1      | kae the Kobold Enchanter began the quest for the Orb.
     0 | D:1      | Reached XP level 1. HP: 10/10 MP: 3/3
     0 | D:1      | magus.rc [v1.11.3]
   112 | D:1      | You pick up a book of Touch and begin reading...
   112 | D:1      | You add the spells Kiss of Death and Dispel Undead to your
                  | library.
   287 | D:1      | Reached XP level 2. HP: 15/15 MP: 5/5
   385 | D:1      | Reached skill level 2 in Short Blades
   719 | D:1      | Reached XP level 3. HP: 15/19 MP: 6/6
   970 | D:2      | Learned a level 2 spell: Ensorcelled Hibernation
   974 | D:2      | Learned a level 3 spell: Confusing Touch
  1074 | D:2      | Identified the +1 spear of Gozag's Condemnation {drain,
                  | rC+}
  1185 | D:2      | Reached XP level 4. HP: 24/24 MP: 7/7
  1285 | D:2      | Reached skill level 3 in Dodging
  1286 | D:2      | Reached skill level 3 in Short Blades
  1460 | D:2      | Found Xiravyci's Vocational Training.
  1701 | D:2      | Found a faded altar of an unknown god.
  1737 | D:3      | Learned a level 3 spell: Tukima's Dance
  1757 | D:3      | Found a broken altar of Ashenzari.
  1830 | D:3      | Reached XP level 5. HP: 21/28 MP: 8/8
  1951 | D:3      | You pick up a book of Minor Magic and begin reading...
  1951 | D:3      | You add the spells Magic Dart, Blink and Call Imp to your
                  | library.
  1992 | D:3      | Found an iron altar of Okawaru.
  2007 | D:3      | Reached skill level 1 in Ice Magic
  2467 | D:3      | Noticed Natasha
  2558 | D:3      | Killed Natasha
  2559 | D:3      | Reached skill level 4 in Short Blades
  2559 | D:3      | Reached skill level 4 in Hexes
  2559 | D:3      | Reached XP level 6. HP: 28/32 MP: 7/10
  2678 | D:4      | You pick up a book of Air and begin reading...
  2678 | D:4      | You add the spells Shock, Swiftness and Airstrike to your
                  | library.
  2689 | D:4      | Noticed Robin
  2811 | D:4      | Found a glowing silver altar of Zin.
  2817 | D:4      | Reached skill level 5 in Stealth
  2949 | D:4      | Found a radiant altar of Vehumet.
  2988 | D:4      | Noticed Edmund
  3005 | D:4      | Killed Edmund
  3006 | D:4      | Reached skill level 3 in Spellcasting
  3006 | D:4      | Reached XP level 7. HP: 11/36 MP: 1/11
  3264 | D:4      | Noticed Pikel
  3439 | D:4      | Found a snail-covered altar of Cheibriados.
  3515 | D:4      | Killed Robin
  3645 | D:4      | Reached skill level 2 in Ice Magic
  3781 | D:4      | You pick up a book of Party Tricks and begin reading...
  3781 | D:4      | You add the spells Apportation, Jinxbite and Alistair's
                  | Intoxication to your library.
  3791 | D:4      | Reached skill level 5 in Short Blades
  3850 | D:4      | Reached skill level 4 in Dodging
  3999 | D:4      | Killed Pikel
  4000 | D:4      | Reached skill level 6 in Short Blades
  4000 | D:4      | Reached skill level 6 in Stealth
  4000 | D:4      | Reached skill level 5 in Hexes
  4000 | D:4      | Reached XP level 8. HP: 38/41 MP: 1/13
  4457 | D:4      | Learned a level 3 spell: Dazzling Flash
  4509 | D:5      | Entered Level 5 of the Dungeon
  4577 | D:5      | HP: 10/41 [something (2)]
  4581 | D:5      | Reached skill level 4 in Spellcasting
  4777 | D:5      | HP: 6/41 [black bear (12)]
  4778 | D:5      | HP: 1/41 [black bear (5)]
  4778 | D:5      | Slain by a black bear

Vanquished Creatures
  Pikel (D:4)
  Edmund (D:4)
  A black bear (D:5)
  A hound (D:4)
  A gnoll bouda (D:4)
  2 orc priests
  An orc wizard (D:5)
  Natasha (D:3)
  An iguana (D:4)
  Robin (D:4)
  3 gnolls (D:4)
  10 adders
  A dart slug (D:1)
  5 ribbon worms
  8 orcs
  3 bats
  7 endoplasms
  2 giant cockroaches
  17 goblins
  8 hobgoblins
  5 quokkas
  7 ball pythons
  3 frilled lizards (D:2)
  4 kobolds
  7 rats
101 creatures vanquished.

Vanquished Creatures (others)
  An orc wizard (D:5)
1 creature vanquished.

Grand Total: 102 creatures vanquished

Table legend:
 A = Non-vault XP
 B = Vault XP
 C = Vault XP percentage of total XP
 D = Non-vault monster count
 E = Vault monster count
 F = Vault count percentage of total count
                 A         B        C        D         E       F
            +---------+---------+-------+---------+---------+-------
      Total |     748 |     870 |  53.8 |      82 |      20 |  19.6
            +---------+---------+-------+---------+---------+-------
        D:1 |      30 |       0 |   0.0 |      10 |       0 |   0.0
        D:2 |      93 |       0 |   0.0 |      24 |       0 |   0.0
        D:3 |     110 |      69 |  38.5 |      16 |       5 |  23.8
        D:4 |     267 |     801 |  75.0 |      25 |      15 |  37.5
        D:5 |     248 |       0 |   0.0 |       7 |       0 |   0.0
            +---------+---------+-------+---------+---------+-------

Skill      XL: |  1  2  3  4  5  6  7  8 |
---------------+-------------------------+-----
Short Blades   | 2 3 4 6 |  6.6
Dodging        | 3 4 |  4.9
Ice Magic      | 1 2 |  2.0
Hexes          | 4 5 |  5.7
Stealth        | 5 6 |  6.4
Spellcasting   | 3 4 |  4.0

Action                     |  1- 3 |  4- 6 |  7- 9 || total
---------------------------+-------+-------+-------++-------
  Melee: Dagger            |    73 |   165 |   180 ||   418
   Cast: Ensorcelled Hiber |     4 |    21 |    20 ||    45
         Confusing Touch   |       |       |     1 ||     1
    Use: Scroll            |     2 |     7 |     4 ||    13
   Stab: Sleeping          |     9 |    23 |    19 ||    51
 Armour: Robe              |    23 |    55 |    80 ||   158
  Dodge: Dodged            |    50 |   106 |   105 ||   261

Illustrated notes

Table legend:
 A = Kills in this place as a percentage of kills in the entire game.
 B = Kills by you in this place as a percentage of kills by you in the entire game.
 C = Kills by friends in this place as a percentage of kills by friends in the entire game.
 D = Other kills in this place as a percentage of other kills in the entire game.
 E = Experience gained in this place as a percentage of experience gained in the entire game.
 F = Experience gained in this place divided by the number of levels of this place that you have seen.
                   A       B       C       D       E      F
               +-------+-------+-------+-------+-------+----------------------
         Total | 100.0 | 100.0 |   N/A | 100.0 | 100.0 | 323.6
       Dungeon | 100.0 | 100.0 |   N/A | 100.0 | 100.0 | 323.6
               +-------+-------+-------+-------+-------+----------------------

Table legend: (Time is in decaauts)
 A = Elapsed time spent in this place.
 B = Non-inter-level travel time spent in this place.
 C = Inter-level travel time spent in this place.
 D = Time resting spent in this place.
 E = Time spent auto-exploring this place.
 F = Levels seen in this place.
 G = Mean time per level.
                   A        B        C        D        E       F      G
               +--------+--------+--------+--------+--------+-----+--------+
         Total |   4698 |   4534 |    164 |    168 |   3513 |   5 |  939.6 |
       Dungeon |   4698 |   4534 |    164 |    168 |   3513 |   5 |  939.6 |
               +--------+--------+--------+--------+--------+-----+--------+

Top non-repeatable levels by time:
     D:4: 1808 daAuts
     D:1: 922 daAuts
     D:3: 915 daAuts
     D:2: 803 daAuts
     D:5: 248 daAuts
